 Dungeon Crawl Stone Soup version 0.31-a0-845-g9abc20d24f (webtiles) character file.

Game seed: 17975674703072185867

42 BinkBink the Chopper (level 3, -4/28 HPs)
             Began as a Demonspawn Gladiator on Oct 1, 2023.
             Was an Initiate of Ashenzari.
             Slain by an orc
             ... wielding a +0 flail
              (7 damage)
             ... on level 3 of the Dungeon.
             The game lasted 00:02:47 (1526 turns).

BinkBink the Chopper (Demonspawn Gladiator)         Turns: 1526, Time: 00:02:47

Health: -4/28      AC:  3    Str: 16    XL:     3   Next: 33%
Magic:  3/3        EV: 12    Int:  9    God:    Ashenzari [......]
Gold:   55         SH:  0    Dex: 14    Spells: 2/2 levels left

rFire   . . .        a - +0 war axe
rCold   . . .        (no shield)
rNeg    . . .        b - +0 leather armour
rPois   .            (helmet restricted)
rElec   .            (no cloak)
rCorr   .            (no gloves)
SInv    .            (no boots)
Will    .....        (no amulet)
Stlth   +            (no ring)
HPRegen 0.24/turn    (no ring)
MPRegen 0.08/turn

%: no passive effects
@: no status effects
A: antennae 1
a: Renounce Religion, Curse Item


You were on level 3 of the Dungeon.
You worshipped Ashenzari.
Ashenzari was noncommittal.
You visited 1 branch of the dungeon, and saw 3 of its levels.

You collected 55 gold pieces.

Inventory:

Hand Weapons
 a - a +0 war axe (weapon)
Missiles
 e - a javelin
Armour
 b - a +0 leather armour (worn)
 c - a +0 helmet
Scrolls
 d - a scroll of poison {unknown}
 f - 2 scrolls of teleportation {unknown}
 g - a scroll of blinking {unknown}
 h - a scroll of enchant weapon {unknown}
 j - a scroll of silence {unknown}
 k - 3 scrolls of identify {unknown}
Potions
 i - 2 potions of ambrosia {unknown}
 l - a potion of haste {unknown}
 m - a potion of attraction {unknown}
 n - 3 potions of curing {unknown}
 o - 2 potions of cancellation {unknown}


   Skills:
 + Level 2.7 Fighting
 + Level 3.2 Axes
 + Level 2.4 Throwing
 - Level 2.6 Dodging


You had 2 spell levels left.
You didn't know any spells.
Your spell library contained the following spells:

 Spells                   Type           Power      Damage    Failure   Level
 Apportation              Tloc           0%         N/A       45%         1
 Necrotise                Necr           0%         1d4       45%         1
 Summon Small Mammal      Summ           0%         N/A       45%         1
 Gell's Gravitas          Tloc           0%         N/A       83%         3
 Teleport Other           Tloc           0%         N/A       83%         3
 Dispersal                Tloc           0%         N/A       100%        6


Dungeon Overview and Level Annotations

Branches:
Dungeon (2/15)

Altars:
Ashenzari

Shops:
D:2 :   D:3 (


Innate Abilities, Weirdness & Mutations

You have a pair of small antennae on your head.


Message History

The orc barely misses you.
You barely miss the orc. The orc closely misses you.
The orc hits you but does no damage. The orc closely misses you.
You barely miss the orc. You closely miss the orc.
The orc barely misses you. x2
You closely miss the orc. You hit the orc. The orc hits you with a +0 flail.
The orc hits you with a +0 club.
You barely miss the orc.
The orc is moderately wounded.
You hit the orc. The orc barely misses you. x2
The orc hits you but does no damage. x2
You barely miss the orc.
The orc is moderately wounded.
You hit the orc but do no damage. The orc hits you with a +0 flail.
The orc hits you with a +0 club.
You are too injured to fight recklessly!
You are too injured to fight recklessly!
You are too injured to fight recklessly!
You are too injured to fight recklessly!
There are monsters nearby!
There are monsters nearby!
There are monsters nearby!
A jackal comes into view.
The orc closely misses you. The orc hits you with a +0 club.
The orc barely misses you. The orc hits you but does no damage.
The orc barely misses you. The orc misses you.
The jackal barks!
You hear a bark!
A jackal comes into view.
The orc closely misses you. The orc misses you. The orc barely misses you.
The orc hits you with a +0 club. The orc hits you with a +0 flail.
The orc hits you with a +0 club. The orc hits you with a +0 flail!
* * * LOW HITPOINT WARNING * * *
The orc closely misses you. The orc barely misses you. x2
A jackal comes into view.
The orc completely misses you. The orc closely misses you.
The jackal barks!
The orc barely misses you. The orc completely misses you.
The orc hits you with a +0 flail!
You die...

#.... .. #....
... #.... ....
#.... ..h##
#.... ##...####
#....
.....h.<#####
####....
#hoo##....#
#....###
#@....#.###†####
##......#...#
#......#.####
#...........#
#....##..##.#
#....'>.## #
#....#### #....#
#....#


You could see 2 orcs and 3 jackals.

Vanquished Creatures
  2 dart slugs
  An orc (D:3)
  6 bats
  2 endoplasms (D:1)
  2 giant cockroaches (D:2)
  5 goblins
  3 hobgoblins (D:1)
  A quokka (D:1)
  A ball python (D:1)
  A frilled lizard (D:2)
  A kobold (D:1)
  9 rats
34 creatures vanquished.

Notes
Turn   | Place    | Note
-------+----------+-------------------------------------------
     0 | D:1      | BinkBink the Demonspawn Gladiator began the quest for the
                  | Orb.
     0 | D:1      | Reached XP level 1. HP: 16/16 MP: 1/1
   221 | D:1      | Gained mutation: You have a pair of small antennae on your
                  | head. [demonic ancestry]
   221 | D:1      | Reached XP level 2. HP: 20/22 MP: 2/2
   289 | D:1      | Found a faded altar of an unknown god.
   311 | D:1      | Prayed at the altar of an unknown god.
   311 | D:1      | Became a worshipper of Ashenzari the Shackled
   399 | D:1      | Reached skill level 3 in Axes
  1195 | D:2      | Reached XP level 3. HP: 21/28 MP: 3/3
  1230 | D:2      | Found Onegoit's Book Shoppe.
  1315 | D:2      | You fall into a shaft and drop 1 floor!
  1460 | D:3      | Found Mixedor's Antique Weapon Shop.
  1526 | D:3      | Slain by an orc

Illustrated notes

Levels and vault maps discovered:
D:1:      dpeg_arrival_more_subterranean_lakeside_camping, layout_basic,
          basic_ecumenical_altar, chequers_serial_rivers_small_3
D:2:      layout_loops_cross, serial_shops, nicolae_shop_rolling_square,
          minmay_misc_feat_iff, uniq_sigmund
D:3:      layout_basic, mainiacjoe_overflow_two_lobes, serial_shops,
          nicolae_shop_getting_attention, kennysheep_generic_room_11

Skill      XL: |  1  2 |
---------------+-------+-----
Throwing       | 2 |  2.4
Axes           | 3 |  3.2
Fighting       | |  2.7
Dodging        | |  2.6

Action                     || total
---------------------------++-------
  Melee: War axe           ||   113
         Punch             ||     2
  Throw: Throwing net      ||     5
   Stab: Sleeping          ||     1
 Armour: Leather armour    ||    91
  Dodge: Dodged            ||    97

Table legend: (Time is in decaauts)
 A = Elapsed time spent in this place.
 B = Non-inter-level travel time spent in this place.
 C = Inter-level travel time spent in this place.
 D = Time resting spent in this place.
 E = Time spent auto-exploring this place.
 F = Levels seen in this place.
 G = Mean time per level.
                   A        B        C        D        E       F      G
               +--------+--------+--------+--------+--------+-----+--------+
         Total |   1568 |   1555 |     13 |      0 |   1227 |   3 |  522.7 |
       Dungeon |   1568 |   1555 |     13 |      0 |   1227 |   3 |  522.7 |
               +--------+--------+--------+--------+--------+-----+--------+

Top non-repeatable levels by time:
     D:1: 1183 daAuts
     D:3: 219 daAuts
     D:2: 165 daAuts
